AoeStats
← Luna-Noctis

Pilgrims

509923322Analyzed
4v4 RM · 4d ago on Sep 28, 2026· 60m 21s· 8 players
Game mode
Random Map
Map size
Large (8 player)
Population
200
Speed
Normal
Resources
Standard
Victory
Conquest
Starting age
Dark Age
Ending age
Imperial Age
RankedLock teamsTeams togetherTeam positionsShared explorationLock speedFull tech treeHidden civsTurbo modeCheats
Victory
Defeat
🇮🇹 Japanese · Italy
1253
+15
🇲🇽 Jurchens · Mexico
1229
+16
🇵🇱 Varangians · Poland
1218
+17
🇬🇧 Danes · United Kingdom
1205
+17
🇱🇮 Turks · Liechtenstein
1383
-21
🇭🇰 Spanish · Hong Kong SAR China
1346
-21
🇨🇭 Danes · Switzerland
1117
-12
🇨🇭 Portuguese · Switzerland
1104
-11
Nova_Wolf
4:38 Loom
13:20 Feudal Age
17:47 Castle Age
17:05 Bloodlines
16:48 Gold Mining
16:45 Double-Bit Axe
18:29 Forging
18:28 Scale Barding Armor
21:00 Chain Barding Armor
21:25 Husbandry
23:33 Horse Collar
29:37 Gambesons
35:13 Imperial Age
35:40 Wheelbarrow
36:59 Masonry
37:34 Conscription
38:00 Siege Engineers
39:00 Heavy Rocket Cart
45:36 Chemistry
45:07 Architecture
46:57 Padded Archer Armor
47:33 Iron Casting
47:34 Plate Barding Armor
52:18 Block Printing
52:39 Elite Steppe Lancer
52:40 Light Cavalry
55:36 Blast Furnace
55:55 Hand Cart
57:23 Fortified Bastions
57:35 Thunderclap Bombs
57:53 Town Watch
terodai1221
6:02 Loom
10:34 Feudal Age
18:16 Castle Age
20:27 Wheelbarrow
21:24 Hand Cart
26:38 Fishing Lines
32:19 Imperial Age
30:40 Horse Collar
31:51 Scale Mail Armor
32:04 Forging
31:53 Gillnets
32:24 Double-Bit Axe
33:15 Town Watch
33:49 Bow Saw
33:47 Murder Holes
34:00 Town Patrol
35:03 Chain Mail Armor
34:59 Gold Mining
35:00 Stone Mining
35:23 Bow Saw
35:19 Heavy Plow
36:30 Gold Shaft Mining
37:52 Stone Shaft Mining
37:56 Conscription
37:28 Gambesons
37:43 Squires
37:31 Arson
38:53 Chain Mail Armor
39:14 Iron Casting
38:54 Chain Mail Armor
39:14 Iron Casting
38:54 Chain Mail Armor
39:14 Iron Casting
38:56 Chain Mail Armor
39:14 Ballistics
38:31 Pikeman
38:36 Hamask
40:06 Coinage
40:17 Elite Jomsviking
41:41 Plate Mail Armor
42:39 Blast Furnace
45:18 Elite Varangian Guard
52:18 Chemistry
51:24 Siege Engineers
60:11 Medium Warships
59:21 Elite Longship
60:38 Careening
60:39 Clinker Construction
60:50 Shipwright
60:42 Masonry
Firkrag
11:37 Feudal Age
15:31 Castle Age
14:13 Loom
19:31 Scale Barding Armor
19:37 Forging
20:03 Horse Collar
22:57 Bloodlines
23:53 Husbandry
25:45 Chain Barding Armor
26:12 Double-Bit Axe
32:56 Imperial Age
32:25 Wheelbarrow
31:36 Town Watch
33:24 Iron Casting
32:50 Heavy Plow
34:31 Plate Barding Armor
34:01 Gold Mining
36:01 Elite Jarl
38:36 Hand Cart
39:30 Blast Furnace
38:21 Fletching
39:03 Crop Rotation
40:58 Ballistics
42:06 Conscription
42:49 Chemistry
47:36 Town Patrol
53:35 Elite Longship
55:04 Clinker Construction
55:06 Careening
55:03 Siege Engineers
55:21 Shipwright
58:28 Bow Saw
lillithadam20
7:12 Loom
11:04 Feudal Age
11:51 Double-Bit Axe
11:59 Fishing Lines
22:05 Loom
25:25 Castle Age
23:50 Fletching
26:22 Bow Saw
26:41 Medium Warships
30:24 Bodkin Arrow
31:17 Ballistics
32:53 Clinker Construction
48:18 Horse Collar
54:23 Wheelbarrow
56:24 Hand Cart
55:56 Town Watch
56:11 Gold Mining
56:12 Stone Mining
59:59 Imperial Age
57:40 Town Patrol
58:16 Heavy Plow
59:56 Scale Mail Armor
60:07 Forging
60:47 Yasama
61:10 Kataparuto
61:11 Conscription
cutiewing
4:41 Loom
13:03 Feudal Age
13:30 Town Watch
13:57 Double-Bit Axe
14:32 Gold Mining
17:11 Castle Age
15:45 Fletching
18:07 Medium Warships
22:44 Bow Saw
24:40 Clinker Construction
24:40 Careening
24:27 Murder Holes
28:19 Imperial Age
25:59 Bodkin Arrow
27:02 Ballistics
26:52 Masonry
30:40 Chemistry
30:55 Elite Cannon Galleon
32:57 Carvel Hull
35:54 Coinage
35:45 Horse Collar
37:50 Stone Mining
38:50 Dry Dock
39:01 Architecture
40:59 Conscription
41:15 Hoardings
41:46 Supremacy
45:04 Bracer
45:05 Padded Archer Armor
45:16 Forging
45:11 Scale Barding Armor
45:09 Caravan
45:39 Banking
45:19 Guilds
51:01 Padded Archer Armor
51:12 Forging
51:07 Scale Barding Armor
52:38 Two-Man Saw
53:45 Two-Man Saw
53:08 Leather Archer Armor
53:00 Demolition Ship
Luna-Noctis
3:56 Loom
12:30 Feudal Age
14:37 Fletching
18:29 Castle Age
16:19 Horse Collar
19:11 Bodkin Arrow
20:00 Heavy Plow
20:30 Medium Warships
21:04 Town Watch
23:04 Wheelbarrow
23:53 Ballistics
23:33 Heated Shot
26:07 Murder Holes
33:16 Double-Bit Axe
35:26 Hand Cart
36:10 Bow Saw
42:00 Imperial Age
46:40 Chemistry
52:16 Capped Ram
NOX
10:13 Loom
12:13 Feudal Age
13:12 Double-Bit Axe
13:09 Horse Collar
17:29 Castle Age
15:25 Town Watch
17:43 Castle Age
17:20 Fletching
18:48 Bodkin Arrow
19:05 Bow Saw
18:56 Heavy Plow
22:37 Wheelbarrow
28:27 Scale Mail Armor
35:25 Chain Mail Armor
41:58 Hand Cart
44:15 Imperial Age
owelt
5:37 Loom
13:39 Feudal Age
14:23 Double-Bit Axe
19:00 Fishing Lines
22:26 Scale Mail Armor
22:37 Forging
25:40 Castle Age
24:54 Stone Mining
27:34 Murder Holes
27:37 Fletching
28:38 Careening
31:40 Bow Saw
36:19 Medium Warships
37:47 Wheelbarrow
37:43 Gillnets
41:28 Imperial Age
52:39 Caravan
59:50 Hoardings
Connection lost

Rejoining the realm…

Still unreachable

The connection could not be restored.

Session expired

The server has moved on; the page needs a fresh start.